 Dungeon Crawl Stone Soup version 0.31.0-32-g396128a36d (webtiles) character file.

Game seed: 5743451124339479827

261 spaghetti the Trooper (level 6, -1/61 HPs)
             Began as a Naga Chaos Knight on Mar 11, 2024.
             Was a Plaything of Xom.
             Slain by a black bear (5 damage)
             ... on level 4 of the Dungeon.
             The game lasted 00:03:59 (2720 turns).

spaghetti the Trooper (Naga Chaos Knight)           Turns: 2720, Time: 00:04:00

Health: -1/61      AC:  8    Str: 14    XL:     6   Next: 18%
Magic:  6/6        EV:  9    Int: 15    God:    Xom [..*...]
Gold:   152        SH:  0    Dex:  8    Spells: 5/5 levels left

rFire   . . .        a - +0 spear (chaos)
rCold   x . .        (no shield)
rNeg    . . .        b - +2 leather armour
rPois   +            d - +0 helmet
rElec   .            (no cloak)
rCorr   .            h - +0 pair of gloves
SInv    +            (no barding)
Will    .....        (no amulet)
Stlth   +            (no ring)
HPRegen 0.30/turn    (no ring)
MPRegen 0.10/turn

%: no passive effects
@: short of breath, very slow
A: AC +2, large, see invisible, deformed body, poison resistance, slowness 2,
spit poison 1, naga tail 1, clumsy 1, cold vulnerability 1, inability to drink
after injury 1
a: Spit Poison, Renounce Religion


You were on level 4 of the Dungeon.
You worshipped Xom.
You were a toy of Xom.
You visited 1 branch of the dungeon, and saw 4 of its levels.

You collected 152 gold pieces.

Inventory:

Hand Weapons
 a - a +0 spear of chaos (weapon)
Armour
 b - a +2 leather armour (worn)
 d - a +0 helmet (worn)
 h - a +0 pair of gloves (worn)
Jewellery
 e - an amulet of the acrobat
Scrolls
 f - a scroll of identify
 g - 4 scrolls of teleportation
 i - a scroll of blinking
 j - a scroll of poison


   Skills:
 - Level 5.0 Fighting
 - Level 3.0 Polearms
 + Level 4.0 Armour
 - Level 0.7 Dodging


You had 5 spell levels left.
You didn't know any spells.
Your spell library was empty.

Dungeon Overview and Level Annotations

Branches:
Dungeon (4/15)             Temple (0/1) D:4

Altars:

Annotations:
D:1 1 transporter
D:3 2 transporters, Consumeair16's ghost, amateur DsBe


Innate Abilities, Weirdness & Mutations

Your serpentine skin is tough. (AC +2)
You have supernaturally acute eyesight. (SInv)
Armour fits poorly on your strangely shaped body.
Your system is resistant to poisons. (rPois)
You cover ground very slowly.
You can spit poison.
You have a snake-like lower body.
You are clumsy. (Dex -2)
You are vulnerable to cold. (rC-)
You occasionally lose the ability to drink potions when taking damage.


Message History

The black bear bites you but does no damage.
The black bear claws you but does no damage. x2
The hound bites you but does no damage.
Aiming: Spit Poison (1% risk of failure)
Press: ? - help, Shift-Dir - straight line, f/p - black bear
Aim: a black bear (heavily wounded, slightly transparent, 70% to hit)
The splash of poison hits the black bear.
The black bear is poisoned.
The black bear is heavily wounded.
The black bear completely misses you. The black bear closely misses you.
The black bear claws you but does no damage.
The hound bites you but does no damage.
Unknown command.
You hit the black bear but do no damage.
The black bear is severely wounded.
The hound bites you but does no damage. The black bear bites you.
The black bear barely misses you. The black bear completely misses you.
The hound bites you.
You aren't carrying any potions.
Okay, then.
Unknown command.
You closely miss the black bear.
The black bear is severely wounded.
The black bear bites you but does no damage.
The black bear claws you but does no damage.
The black bear barely misses you. The hound closely misses you.
You hit the black bear.
The black bear is severely wounded.
The hound barely misses you.
The black bear goes berserk!
The hound barely misses you.
You closely miss the black bear.
The black bear is severely wounded.
The black bear bites you!
* * * LOW HITPOINT WARNING * * *
The black bear claws you.
* * * LOW HITPOINT WARNING * * *
The black bear barely misses you. The hound bites you but does no damage.
The black bear bites you.
You die...
Xom giggles madly!

#####
......#########
.......@.$.....
.###..hh......#
..........#..##
.###.####....#
#..# #. .$..
#.### .#
#..###.##
...... #....
#.# #..#....#
...#. ####..#.
#.# #.......#
.... .......
#.# #..#^##.# .
#.#.#.


You could see a black bear (berserk, invisible, poisoned) and a hound.

Vanquished Creatures
  A killer bee (shapeshifter) (D:3)
  2 orc priests
  An iguana (D:4)
  An orc wizard (D:4)
  2 adders
  3 dart slugs (D:1)
  2 ribbon worms (D:2)
  7 orcs
  7 endoplasms
  5 giant cockroaches
  5 goblins
  7 hobgoblins
  3 jackals (D:1)
  2 quokkas
  5 ball pythons
  5 bats
  3 frilled lizards
  4 kobolds (D:1)
  6 rats
71 creatures vanquished.

Vanquished Creatures (collateral kills)
  A kobold (D:1)
1 creature vanquished.

Vanquished Creatures (others)
  An orc (D:4)
  A jackal zombie (D:1)
2 creatures vanquished.

Grand Total: 74 creatures vanquished

Notes
Turn   | Place    | Note
-------+----------+-------------------------------------------
     0 | D:1      | spaghetti the Naga Chaos Knight began the quest for the
                  | Orb.
     0 | D:1      | Reached XP level 1. HP: 21/21 MP: 1/1
   130 | D:1      | Reached XP level 2. HP: 28/28 MP: 2/2
   138 | D:1      | XOM: divination: detect creatures
   304 | D:1      | XOM: silly message
   361 | D:1      | Reached skill level 4 in Fighting
   405 | D:1      | XOM: silly message
   515 | D:1      | Reached XP level 3. HP: 36/36 MP: 3/3
   822 | D:1      | XOM is BORED!
   927 | D:1      | Found a faded altar of an unknown god.
  1414 | D:2      | XOM: fog
  1435 | D:2      | XOM: 1-stop teleportation journey
  1583 | D:2      | XOM: 9-stop teleportation journey
  1667 | D:2      | Reached XP level 4. HP: 45/45 MP: 4/4
  1753 | D:2      | Reached skill level 5 in Fighting
  1879 | D:3      | Noticed Consumeair16's ghost (amateur DsBe)
  1880 | D:3      | Found a transporter.
  1881 | D:3      | Found a transporter.
  1919 | D:3      | an orc wizard changed into a shapeshifter
  1919 | D:3      | Noticed a shapeshifter
  1919 | D:3      | XOM: polymorph orc wizard -> shapeshifter
  1920 | D:3      | a shapeshifter changed into a river rat
  1921 | D:3      | a river rat changed into a bullfrog
  1921 | D:3      | Noticed a bullfrog (shapeshifter)
  1925 | D:3      | a bullfrog changed into a jelly
  1958 | D:3      | XOM: divination: magic mapping
  1970 | D:3      | a bat changed into a golden eye
  1970 | D:3      | Noticed a golden eye (shapeshifter)
  1977 | D:3      | a golden eye changed into a hobgoblin
  1989 | D:3      | Reached XP level 5. HP: 32/52 MP: 5/5
  2002 | D:3      | XOM: give mutations
  2002 | D:3      | Gained mutation: You are clumsy. (Dex -2) [Xom's mischief]
  2002 | D:3      | Gained mutation: You occasionally lose the ability to drink
                  | potions when taking damage. [Xom's mischief]
  2002 | D:3      | Gained mutation: You are vulnerable to cold. (rC-) [Xom's
                  | mischief]
  2153 | D:3      | Noticed a phantom
  2410 | D:4      | XOM: butterfly on damage
  2419 | D:4      | XOM: silly message
  2448 | D:4      | Reached XP level 6. HP: 17/61 MP: 6/6
  2477 | D:4      | XOM: silly message
  2615 | D:4      | Found a staircase to the Ecumenical Temple.
  2615 | D:4      | XOM: 2-stop teleportation journey
  2705 | D:4      | Noticed a black bear
  2705 | D:4      | XOM: 3-stop teleportation journey
  2712 | D:4      | XOM: enchant monster (bad)
  2720 | D:4      | Slain by a black bear

Illustrated notes

Levels and vault maps discovered:
D:1:      spicycebolla_arrival_risky_transporter, layout_basic,
          hellmonk_ecumenical_altar_slurped_away
D:2:      minmay_wonky_spiral, layout_loops_ring
D:3:      minmay_angry_zag, layout_basic, gammafunk_ghost_mausoleum,
          minmay_quantized
D:4:      layout_loops_ring, minmay_temple_entry_glass, minmay_ruptured

Skill      XL: |  1  2  3  4  5  6 |
---------------+-------------------+-----
Fighting       | 4 5 |  5.0
Armour         | 3 4 |  4.0
Polearms       | |  3.0
Dodging        | |  0.7

Action                     |  1- 3 |  4- 6 || total
---------------------------+-------+-------++-------
  Melee: Spear             |   144 |   156 ||   300
Ability: Spit Poison       |     1 |    12 ||    13
    Use: Potion            |     6 |     4 ||    10
         Scroll            |       |     4 ||     4
   Stab: Sleeping          |     2 |     1 ||     3
         Confused          |       |     1 ||     1
 Armour: Leather armour    |    75 |   144 ||   219
  Dodge: Dodged            |    52 |    69 ||   121
